 Dungeon Crawl Stone Soup version 0.30-a0-1103-g25895a7845 (webtiles) character file.

Game seed: 13715425859635303171

21 billz999 the Sneak (level 2, -3/19 HPs)
             Began as a Vampire Earth Elementalist on Apr 18, 2023.
             Slain by a kobold
             ... wielding a +1 short sword of electrocution
              (20 damage)
             ... on level 2 of the Dungeon.
             The game lasted 00:02:12 (1210 turns).

billz999 the Sneak (Vampire Earth Elementalist)     Turns: 1210, Time: 00:02:13

Health: -3/19      AC:  3    Str:  7    XL:     2   Next: 62%
Magic:  1/5        EV: 12    Int: 17    God:
Gold:   0          SH:  0    Dex: 14    Spells: 5/6 levels left

rFire   . . .      SeeInvis +    (no weapon)
rCold   . . .      Faith    .    (no shield)
rNeg    . . .      Spirit   .    a - +0 robe
rPois   .          Reflect  .    (no helmet)
rElec   .          Rampage  .    (no cloak)
rCorr   .                        i - +0 pair of gloves
Will    .....                    (no boots)
Stlth   ++                       (no amulet)
HPRegen 0.43/turn                (no ring)
MPRegen 0.09/turn                (no ring)

@: very slightly contaminated, healing quickly
A: alive, fangs 3, see invisible, vampiric 1
a: Exsanguinate


You were on level 2 of the Dungeon.
You visited 1 branch of the dungeon, and saw 2 of its levels.

Inventory:

Armour
 a - a +0 robe (worn)
 i - a +0 pair of gloves (worn)
Scrolls
 e - a scroll of noise
 f - 2 scrolls of identify
 h - a scroll of fog {unknown}
 j - 2 scrolls of teleportation {unknown}
 k - a scroll of vulnerability {unknown}
Potions
 b - a potion of magic
 c - 2 potions of curing {unknown}
 d - a potion of experience {unknown}
 g - 2 potions of mutation {unknown}
 l - a potion of flight {unknown}
 m - a potion of attraction {unknown}


   Skills:
 - Level 2.1 Dodging
 + Level 3.7 Stealth
 * Level 2.8 Spellcasting
 - Level 1.1 Transmutations
 - Level 3.0 Earth Magic


You had 5 spell levels left.
You knew the following spells:

 Your Spells              Type           Power      Damage    Failure   Level
a - Sandblast             Erth           24%        2d8       5%          1

Your spell library contained the following spells:

 Spells                   Type           Power      Damage    Failure   Level
 Passwall                 Tmut/Erth      7%         N/A       12%         2
 Stone Arrow              Conj/Erth      14%        3d7       28%         3
 Petrify                  Tmut/Erth      9%         N/A       58%         4


Dungeon Overview and Level Annotations

Branches:
Dungeon (2/15)

Altars:


Innate Abilities, Weirdness & Mutations

Your natural rate of healing is accelerated.
You have razor-sharp teeth.
You have supernaturally acute eyesight. (SInv)
You are afflicted with vampirism.


Message History

You see here 2 stones.
A kobold comes into view.
It is wielding a +1 short sword of electrocution.
A ball python comes into view.
Casting: Sandblast (safe; 5% risk of failure)
Confirm with . or Enter, or press ? or * to list all spells.
Aiming: Sandblast (safe; 5% risk of failure)
Press: ? - help, Shift-Dir - straight line, f - ball python
Aim: a ball python (80% to hit)
The blast of sand hits the ball python!
You kill the ball python!
The kobold shouts!
An adder comes into view.
Casting: Sandblast (safe; 5% risk of failure)
Confirm with . or Enter, or press ? or * to list all spells.
Aiming: Sandblast (safe; 5% risk of failure)
Press: ? - help, Shift-Dir - straight line, f - kobold
Aim: a kobold, wielding a +1 short sword of electrocution (77% to hit)
The blast of sand hits the kobold but does no damage.
The kobold hits you with a +1 short sword of electrocution.
Casting: Sandblast (safe; 5% risk of failure)
Confirm with . or Enter, or press ? or * to list all spells.
Aiming: Sandblast (safe; 5% risk of failure)
Press: ? - help, Shift-Dir - straight line, f/p - kobold
Aim: a kobold, wielding a +1 short sword of electrocution (77% to hit)
The blast of sand hits the kobold.
The kobold is heavily wounded.
The kobold hits you with a +1 short sword of electrocution.
The kobold hits you but does no damage.
Casting: Sandblast (safe; 5% risk of failure)
Confirm with . or Enter, or press ? or * to list all spells.
Aiming: Sandblast (safe; 5% risk of failure)
Press: ? - help, Shift-Dir - straight line, f/p - kobold
Aim: a kobold, wielding a +1 short sword of electrocution (heavily wounded, 77% to hit)
You miscast Sandblast.
You are very lightly contaminated with residual magic.
Nothing appears to happen.
The kobold hits you with a +1 short sword of electrocution.
You are electrocuted!!
Ouch! That really hurt!
You die...

..#.. .... # ... ... #
.... ..# # ......####
##..# # ........## #...#
# #........# #.#.# # #
#........###.#†#..###
####............@.......
........##...##.#K#..###
####.##†##(.###S#.# #
...................
####.##.#..####.#.#.
####.##..............
.....##....###........
...........# ..#.#.#.#
...............


You could see an adder and a kobold.

Vanquished Creatures
  2 bats (D:1)
  3 endoplasms
  A giant cockroach (D:1)
  2 kobolds
  A quokka (D:1)
  7 ball pythons
  2 frilled lizards (D:1)
  3 rats
21 creatures vanquished.

Notes
Turn   | Place    | Note
-------+----------+-------------------------------------------
     0 | D:1      | billz999 the Vampire Earth Elementalist began the quest for
                  | the Orb.
     0 | D:1      | Reached XP level 1. HP: 13/13 MP: 3/3
   269 | D:1      | Reached XP level 2. HP: 19/19 MP: 3/5
  1166 | D:2      | Found a faded altar of an unknown god.
  1210 | D:2      | Slain by a kobold

Illustrated notes

Levels and vault maps discovered:
D:1:      lemuel_arrival_funnel, layout_basic, kennysheep_another_room
D:2:      layout_basic, ebering_ecumenical_altar_petrified

Action                     || total
---------------------------++-------
   Cast: Sandblast         ||    24
    Use: Scroll            ||     1
 Armour: Robe              ||     1
  Dodge: Dodged            ||     1

Table legend: (Time is in decaauts)
 A = Elapsed time spent in this place.
 B = Non-inter-level travel time spent in this place.
 C = Inter-level travel time spent in this place.
 D = Time resting spent in this place.
 E = Time spent auto-exploring this place.
 F = Levels seen in this place.
 G = Mean time per level.
                   A        B        C        D        E       F      G
               +--------+--------+--------+--------+--------+-----+--------+
         Total |   1221 |   1176 |     45 |     56 |    965 |   2 |  610.5 |
       Dungeon |   1221 |   1176 |     45 |     56 |    965 |   2 |  610.5 |
               +--------+--------+--------+--------+--------+-----+--------+

Top non-repeatable levels by time:
     D:1: 1067 daAuts
     D:2: 154 daAuts
